 Dungeon Crawl Stone Soup version 0.29.1-12-g30fa7ad0bf (webtiles) character file.

Game seed: 12082695018258295375

28074 MacCMillion the Nimble (level 13, -10/154 HPs)
             Began as a Merfolk Gladiator on Jan 16, 2023.
             Was the Champion of Okawaru.
             Mangled by a death yak (11 damage)
             ... on level 4 of the Lair of Beasts.
             The game lasted 00:39:32 (15776 turns).

MacCMillion the Nimble (Merfolk Gladiator)         Turns: 15776, Time: 00:39:32

Health: -10/154    AC: 30    Str: 15    XL:     13   Next: 36%
Magic:  17/17      EV:  2    Int:  8    God:    Okawaru [******]
Gold:   987        SH:  0    Dex: 19    Spells: 12/12 levels left

rFire   + . .      SeeInvis .   z - +9 rapier of Xeloko {freeze, rElec rF+ rN+}
rCold   . . .      Faith    .   (no shield)
rNeg    + . .      Spirit   .   (body armour currently unavailable)
rPois   +          Reflect  .   (helmet currently unavailable)
rElec   +          Harm     .   (cloak currently unavailable)
rCorr   .          Rampage  .   (gloves currently unavailable)
Will    .....      NoTele   +   (boots currently unavailable)
Stlth   ++++......              Q - amulet of regeneration
HPRegen 1.15/turn               x - +4 ring of protection
MPRegen 0.15/turn               t - ring of poison resistance

@: tree-form, marked
A: stationary, stasis, torment immunity, boosted hp, (nimble swimmer 2),
(mertail)
a: Renounce Religion, Heroism, Finesse, Duel


You were on level 4 of the Lair of Beasts.
You worshipped Okawaru.
Okawaru was exalted by your worship.
You were a tree.
You visited 3 branches of the dungeon, and saw 15 of its levels.
You also visited: Ossuary.

You collected 987 gold pieces.

Inventory:

Hand Weapons
 b - the +5 rapier "Miru" {vorpal, Str-2 Int+7 Dex+8}
   (Okawaru gifted it to you on level 2 of the Lair of Beasts)

   It inflicts extra damage upon your enemies.
   Str:       It affects your strength (-2).
   Int:       It affects your intelligence (+7).
   Dex:       It affects your dexterity (+8).
 z - the +9 rapier of Xeloko (weapon) {freeze, rElec rF+ rN+}
   (You found it on level 3 of the Dungeon)

   It freezes those it strikes, dealing additional cold damage.
   It can also slow down cold-blooded creatures.
   rF:        It protects you from fire.
   rElec:     It insulates you from electricity.
   rN:        It protects you from negative energy.
 C - the +1 quick blade "Jellyslayer" {elec, rC- Str+9 Dex-5 Stlth+}
   (Okawaru gifted it to you on level 10 of the Dungeon)

   It occasionally discharges a powerful burst of electricity upon striking a
   foe.
   Str:       It affects your strength (+9).
   Dex:       It affects your dexterity (-5).
   rC:        It makes you vulnerable to cold.
   Stlth:     It makes you more stealthy.
 E - a +7 rapier
Missiles
 d - 2 throwing nets
 e - 7 javelins
 i - 40 poisoned darts (quivered)
 k - 6 silver javelins
 U - a curare-tipped dart
 Z - an atropa-tipped dart
Armour
 c - a +1 helmet (melded)
 h - a +0 pair of gloves (melded)
 n - the +0 ring mail of Zesos (melded) {Rampage Str+4 Dex+3}
   (You found it on level 2 of the Dungeon)

   Str:       It affects your strength (+4).
   Dex:       It affects your dexterity (+3).
   Rampage:   It bestows one free step when moving towards enemies.
 F - a +0 hat of see invisible
 V - a +0 buckler of reflection
Jewellery
 a - an amulet of reflection
 t - a ring of poison resistance (right branch)
 x - a +4 ring of protection (left branch)
 y - a ring of flight
 D - a ring of wizardry
 Q - an amulet of regeneration (around neck)
Wands
 r - a wand of mindburst (30)
 A - a wand of light (1)
 B - a wand of flame (35)
 X - a wand of iceblast (6)
Scrolls
 m - 2 scrolls of poison
 s - a scroll of teleportation
 v - 3 scrolls of magic mapping
 H - 3 scrolls of immolation
 J - 2 scrolls of noise {unknown}
 L - 3 scrolls of enchant armour
 O - 2 scrolls of amnesia
 P - a scroll of summoning
 R - 2 scrolls of enchant weapon
 S - a scroll of blinking
 T - a scroll of silence {unknown}
 Y - a scroll of torment {unknown}
Potions
 f - 6 potions of berserk rage
 g - 13 potions of curing
 l - 5 potions of attraction
 o - 2 potions of flight
 p - 2 potions of haste
 q - 2 potions of resistance
 w - 9 potions of mutation
 G - 2 potions of ambrosia
 I - 3 potions of brilliance
 K - 2 potions of degeneration
 M - 4 potions of might
 W - a potion of heal wounds {unknown}
Miscellaneous
 N - a lightning rod (4/4)


   Skills:
 - Level 10.0 Fighting
 - Level 14.0 Short Blades
 - Level 8.0 Throwing
 + Level 14.7 Dodging
 + Level 9.5 Stealth
 - Level 5.0 Shields
 - Level 6.0 Invocations


You had 12 spell levels left.
You didn't know any spells.
Your spell library contained the following spells:

 Spells                   Type           Power      Damage    Failure   Level
 Beastly Appendage        Tmut           0%         N/A       41%         1
 Blink                    Tloc           0%         N/A       54%         2
 Scorch                   Fire           0%         2d5       54%         2
 Static Discharge         Conj/Air       0%         3-3/arc   54%         2
 Sublimation of Blood     Necr           0%         N/A       54%         2
 Wereblood                Tmut           0%         N/A       54%         2
 Conjure Flame            Conj/Fire      0%         6-21      78%         3
 Ignite Poison            Fire/Tmut/Pois 0%         N/A       78%         3
 Spider Form              Tmut/Pois      0%         N/A       78%         3
 Stone Arrow              Conj/Erth      0%         3d7       78%         3
 Dispel Undead            Necr           0%         3d6       99%         4
 Flame Wave               Conj/Fire      0%         2d4       99%         4
 Sticky Flame             Conj/Fire      0%         2d3       99%         4
 Fireball                 Conj/Fire      0%         3d3       100%        5
 Iskenderun's Battlesphe  Conj           0%         2d6       100%        5
 Manifold Assault         Tloc           0%         N/A       100%        5
 Conjure Ball Lightning   Conj/Air       0%         3x3d6     100%        6
 Orb of Destruction       Conj           0%         9d5       100%        7
 Storm Form               Tmut/Air       0%         N/A       100%        7
 Lehudib's Crystal Spear  Conj/Erth      0%         10d2      100%        8
 Animate Armour           Summ/Erth      Unusable   N/A       N/A         4
 Summon Cactus Giant      Summ           Unusable   N/A       N/A         6
 Summon Hydra             Summ           Unusable   N/A       N/A         7

Dungeon Overview and Level Annotations

Branches:
Dungeon (10/15)            Temple (1/1) D:5            Lair (4/5) D:10
  Swamp (0/4) Lair:2        Snake (0/4) Lair:2          Orc (0/2) D:10
Ossuary (visited)
  Slime: Lair:4-5

Altars:
Ashenzari
Cheibriados
Dithmenos
Elyvilon
Fedhas
Gozag
Hepliaklqana
Kikubaaqudgha
Makhleb
Nemelex Xobeh
Okawaru
Qazlal
Ru
Sif Muna
Trog
Uskayaw
Vehumet
Wu Jian
Xom
Yredelemnul
Zin
The Shining One

Shops:
D:1 (   D:5 *

Annotations:
D:2 1 runed translucent door, Crazy Yiuf
D:3 3 runed translucent doors, vvl's ghost, amateur OpTm
D:4 Sigmund
Lair:1 exclusion: oklob plant
Lair:4 exclusion: 2 oklob plants


Innate Abilities, Weirdness & Mutations

You are a tree.
Your roots penetrate the ground, keeping you stationary.
You cannot be teleported.
You are immune to unholy pain and torment.
Your maximum health is greatly increased.
Your equipment is partially melded.
((You are very nimble when in or above water. (Stealth+, EV+, Speed+++)))
((Your lower body shifts to a powerful aquatic tail in water.))


Message History

The yak snorts and paws the ground.
The yak completely misses you. The yak gores you.
A water moccasin comes into view.
Unknown command.
You puncture the yak! You freeze the yak.
The yak is moderately wounded.
Unknown command.
You puncture the yak! You freeze the yak.
The yak is severely wounded.
The death yak gores you!!
* * * LOW HITPOINT WARNING * * *
The death yak gores you!!
* * * LOW HITPOINT WARNING * * *
The yak gores you but does no damage. The yak misses you.
A five-headed hydra comes into view.
Unknown command.
It was a potion of lignification.
You turn into a tree.
Your +1 helmet melds into your body.
Your +0 pair of gloves melds into your body.
The +0 ring mail of Zesos {Rampage Str+4 Dex+3} melds into your body.
Your roots penetrate the ground.
You feel strangely stable.
A water moccasin comes into view.
The death yak gores you but does no damage. x2
The death yak gores you!
* * * LOW HITPOINT WARNING * * *
The yak gores you but does no damage. The yak barely misses you.
Unknown command.
Okay, then.
It was a potion of curing.
You feel better.
The death yak gores you but does no damage. x4
The yak gores you but does no damage. x2
A wyvern comes into view.
Okay, then.
It was a potion of magic.
Magic courses through your body.
A bullfrog comes into view.
The death yak gores you!
* * * LOW HITPOINT WARNING * * *
The death yak gores you but does no damage. x2
The death yak gores you!
You die...

......PP..$ .....P....
### .......... ##.#
......... ##.####
.......S. ####.....#
......lD# ##........#
#PP..YY####.........##
#Y♣Y##..........P#
......#
##YY#...........##
......#
#YYY...........#
......#
#YY...........##
......##
##...>........#
.......#
##.YS........# ......#
#..l.......### ......#
###.F.......# ......#
#....).####


You could see 4 death yaks, a five-headed hydra, 2 oklob plants, a komodo
dragon, 8 yaks, 2 water moccasins, a wyvern and a bullfrog.

Vanquished Creatures
  2 hydras (Lair:1)
  A catoblepas (Lair:4)
  4 two-headed ogres
  A tengu warrior (D:10)
  Amaemon (Lair:3)
  2 bog bodies (Lair:2)
  6 elephants (Lair:1)
  3 black mambas
  6 cane toads
  An orange demon (Lair:3)
  A yaktaur (D:10)
  6 komodo dragons
  5 trolls
  3 hornets
  3 polar bears
  A blink frog (Lair:2)
  2 shadows (D:9)
  2 wyverns (D:10)
  27 yaks
  3 basilisks
  A steam dragon (D:8)
  Menkaure (D:6)
  Eustachio (D:6)
  4 nagas (Lair:2)
  An acid dragon (D:10)
  8 water moccasins
  3 orc warriors
  An ice beast (D:7)
  2 sky beasts
  2 black bears
  3 ogres
  5 wolves
  2 centaurs (D:10)
  3 phantoms
  3 kobold brigands
  12 bullfrogs
  2 gnoll sergeants
  3 scorpions
  3 necrophages (D:5)
  4 water moccasin zombies (Ossuary)
  12 wights
  12 killer bees
  5 electric eels (D:10)
  A howler monkey (D:10)
  5 jellies
  A gnoll bouda (D:9)
  6 hounds
  5 orc priests
  8 orc wizards
  4 iguanas (D:6)
  2 mummies (Ossuary)
  Robin (D:3)
  10 gnolls
  13 adders
  2 shadow imps (D:6)
  A white imp (D:5)
  3 ufetubi
  4 adder zombies (Ossuary)
  2 worms
  5 dart slugs
  20 orcs
  4 endoplasms
  3 giant cockroaches
  4 gnoll zombies (Ossuary)
  10 goblins
  8 hobgoblins
  4 jackals (D:1)
  15 kobolds
  4 quokkas
  6 ball pythons
  4 bats
  2 frilled lizards
  2 hobgoblin zombies (Ossuary)
  2 kobold zombies (Ossuary)
  6 orc zombies (Ossuary)
  4 rats
  2 rat zombies (D:6)
  A spectral orc (D:10)
347 creatures vanquished.

Vanquished Creatures (others)
  3 kobolds (D:10)
  14 fungi
  23 plants
40 creatures vanquished.

Grand Total: 387 creatures vanquished

Notes
Turn   | Place    | Note
-------+----------+-------------------------------------------
     0 | D:1      | MacCMillion the Merfolk Gladiator began the quest for the
                  | Orb.
     0 | D:1      | Reached XP level 1. HP: 16/16 MP: 1/1
   225 | D:1      | Reached skill level 1 in Stealth
   225 | D:1      | Reached XP level 2. HP: 22/22 MP: 2/2
   400 | D:1      | Found Vicaxkygg's Weapon Emporium.
  1020 | D:2      | Reached XP level 3. HP: 27/27 MP: 3/3
  1057 | D:2      | Identified the +0 ring mail of Zesos {Rampage Str+4 Dex+3}
  1623 | D:2      | You fall into a shaft and drop 1 floor!
  1679 | D:2      | Reached XP level 4. HP: 21/33 MP: 4/4
  1859 | D:2      | Found a runed translucent door.
  1860 | D:2      | Noticed Crazy Yiuf
  1914 | D:2      | Reached skill level 5 in Short Blades
  2595 | D:3      | Found a runed translucent gate.
  2595 | D:3      | Found a runed translucent gate.
  2597 | D:3      | Noticed a black bear
  2598 | D:3      | Found a runed translucent gate.
  2598 | D:3      | Noticed vvl's ghost (amateur OpTm)
  2729 | D:3      | Reached XP level 5. HP: 23/38 MP: 5/5
  3092 | D:3      | Identified the +9 rapier of Xeloko {freeze, rElec rF+ rN+}
  3193 | D:4      | Noticed Robin
  3261 | D:3      | Killed Robin
  3604 | D:4      | Noticed Sigmund
  3672 | D:4      | Found a shimmering blue altar of Sif Muna.
  3685 | D:4      | Reached XP level 6. HP: 44/44 MP: 6/6
  3713 | D:4      | Found a white marble altar of Elyvilon.
  3869 | D:5      | Entered Level 5 of the Dungeon
  3921 | D:5      | Reached skill level 5 in Stealth
  4058 | D:5      | Reached XP level 7. HP: 49/51 MP: 7/7
  4063 | D:5      | Found Xuomirph's General Store.
  4118 | D:5      | Reached skill level 5 in Dodging
  4320 | D:5      | Reached XP level 8. HP: 42/60 MP: 8/8
  4633 | D:5      | Found a sacrificial altar of Ru.
  4634 | D:5      | Found a blossoming altar of Fedhas.
  4635 | D:5      | Found a stormy altar of Qazlal.
  4678 | D:5      | Found a staircase to the Ecumenical Temple.
  4870 | Temple   | Entered the Ecumenical Temple
  4934 | Temple   | Became a worshipper of Warmaster Okawaru
  5017 | D:6      | Noticed a troll
  5100 | D:6      | Noticed a troll
  5141 | D:6      | HP: 2/61 [troll (4)]
  5508 | D:6      | Found a sand-covered staircase.
  5515 | Ossuary  | Entered an ossuary
  5810 | D:6      | Reached skill level 5 in Fighting
  5829 | D:6      | Reached * piety under Okawaru
  5839 | D:6      | Reached skill level 10 in Short Blades
  5859 | D:6      | Noticed Menkaure
  5889 | D:6      | Killed Menkaure
  5890 | D:6      | Reached XP level 9. HP: 53/68 MP: 9/9
  6177 | D:6      | Killed a troll
  6181 | D:6      | Reached ** piety under Okawaru
  6247 | D:6      | Noticed Eustachio
  6249 | D:6      | Killed Eustachio
  6324 | D:6      | Killed a troll
  7256 | D:7      | Reached *** piety under Okawaru
  7323 | D:7      | Found an ancient bone altar of Kikubaaqudgha.
  7365 | D:7      | Reached XP level 10. HP: 79/79 MP: 10/10
  8287 | D:8      | Received a gift from Okawaru
  8345 | D:8      | Reached **** piety under Okawaru
  8697 | D:8      | Noticed a two-headed ogre
  8717 | D:8      | Killed a two-headed ogre
  8717 | D:8      | Reached ***** piety under Okawaru
  9335 | D:9      | Reached XP level 11. HP: 84/84 MP: 11/11
  9341 | D:9      | Reached skill level 5 in Throwing
  9518 | D:9      | Received a gift from Okawaru
  9554 | D:9      | Identified the +1 mace of Vyrap {vorpal, rF+ rCorr SInv}
 10044 | D:9      | Identified the +10 flail "Voischas" {flame, Fragile Will+
                  | Str+4 Int+7}
 10073 | D:9      | Found an ornate altar of the Wu Jian Council.
 10344 | D:10     | Entered Level 10 of the Dungeon
 10540 | D:10     | Found a staircase to the Orcish Mines.
 10997 | D:10     | Received a gift from Okawaru
 11074 | D:10     | Noticed a two-headed ogre
 11098 | D:10     | Reached skill level 10 in Dodging
 11110 | D:10     | Killed a two-headed ogre
 11317 | D:10     | Noticed a two-headed ogre
 12160 | D:10     | Killed a two-headed ogre
 12160 | D:10     | Identified the +1 quick blade "Jellyslayer" {elec, rC-
                  | Str+9 Dex-5 Stlth+} (Okawaru gifted it to you on level 10
                  | of the Dungeon)
 12160 | D:10     | Received a gift from Okawaru
 12447 | D:10     | Found a staircase to the Lair.
 12503 | D:10     | Noticed a tengu warrior
 12505 | D:10     | Killed a tengu warrior
 12506 | D:10     | Reached XP level 12. HP: 95/95 MP: 12/12
 12580 | D:10     | Noticed a two-headed ogre
 12586 | D:10     | Killed a two-headed ogre
 12695 | D:10     | Found a basalt altar of Yredelemnul.
 12754 | Lair:1   | Entered Level 1 of the Lair of Beasts
 12859 | Lair:1   | Reached skill level 1 in Shields
 12892 | Lair:1   | Received a gift from Okawaru
 13171 | Lair:1   | Reached skill level 10 in Fighting
 13420 | Lair:1   | Noticed a four-headed hydra
 13447 | Lair:1   | Killed a four-headed hydra
 13529 | Lair:1   | Noticed a seven-headed hydra
 13538 | Lair:1   | Killed a seven-headed hydra
 13663 | Lair:1   | Found the +1 robe of Vines {NoPotionHeal Regen++++}
 14028 | Lair:2   | Found a staircase to the Swamp.
 14221 | Lair:2   | Identified the +5 rapier "Miru" {vorpal, Str-2 Int+7 Dex+8}
                  | (Okawaru gifted it to you on level 2 of the Lair of Beasts)
 14221 | Lair:2   | Received a gift from Okawaru
 14222 | Lair:2   | Reached skill level 5 in Invocations
 14446 | Lair:2   | Reached ****** piety under Okawaru
 14510 | Lair:2   | Reached XP level 13. HP: 103/103 MP: 17/17
 14629 | Lair:2   | Found a staircase to the Snake Pit.
 14984 | Lair:3   | Reached skill level 5 in Shields
 15188 | Lair:3   | Noticed Amaemon
 15192 | Lair:3   | Killed Amaemon
 15192 | Lair:3   | Received a gift from Okawaru
 15689 | Lair:4   | Received a gift from Okawaru
 15776 | Lair:4   | HP: 1/154 [death yak (17)]
 15776 | Lair:4   | Mangled by a death yak

Illustrated notes

Levels and vault maps discovered:
D:1:      grunt_arrival_lava_bath, layout_basic, serial_shops, shop
D:2:      layout_basic, uniq_crazy_yiuf_cottage
D:3:      layout_loops_ring, gammafunk_ghost_split
D:4:      layout_gridville, mainiacjoe_overflow_24_doors, elyvilon_altar_4,
          dk_rats_in_the_wall, uniq_robin, uniq_grinder, uniq_sigmund
D:5:      layout_loops_ring, chequers_temple_overflow_statue_of_worship,
          minmay_temple_entry_tees, serial_shops, shop, grunt_decor_junction,
          minmay_quadrilaterals
D:6:      layout_basic, enter_ossuary_4, grunt_potential, uniq_eustachio,
          uniq_menkaure
D:7:      layout_basic, mainiacjoe_overflow_surrounded_room,
          dreamdust_gnoll_farm
D:8:      layout_loops_ring
D:9:      layout_basic, mainiacjoe_overflow_alcove_4, nicolae_hexahallways
D:10:     cheibrodos_ideogram_h, layout_basic,
          yredelemnul_forgotten_temple_becter, minivault_26, nrook_pool_corridor
Temple:   eino_temple_lava
Lair:1:   layout_cellular_growth, st_stairs_7, hellmonk_guarded_unrand_vines
Lair:2:   layout_misc_corridors, skrybe_swamp_entry_bodies,
          minmay_snake_entry_guardpost_medium, pond
Lair:3:   layout_chaotic_city, beast_lair_carwin_7, grunt_megastairs_2,
          uniq_amaemon
Lair:4:   layout_cave_pods, slime_entry_2, chequers_serial_rivers_micro_a,
          dpeg_oklob_1, infiniplex_staircase_pool_2

Skill      XL: |  1  2  3  4  5  6  7  8  9 10 11 12 13 |
---------------+----------------------------------------+-----
Short Blades   | 4 5 6 7 8 10 12 14 | 14.0
Stealth        | 1 2 3 4 5 7 9 |  9.5
Fighting       | 3 5 7 9 10 | 10.0
Dodging        | 5 7 9 11 13 14 | 14.7
Throwing       | 4 8 |  8.0
Shields        | 4 5 |  5.0
Invocations    | 6 |  6.0

Action                   |  1- 3 |  4- 6 |  7- 9 | 10-12 | 13-15 || total
-------------------------+-------+-------+-------+-------+-------++-------
Melee: Rapier            |    95 |   140 |   256 |   493 |    83 ||  1067
       Punch             |     2 |     1 |     5 |    10 |     1 ||    19
       Tailslap          |       |       |       |    12 |       ||    12
Throw: Throwing net      |       |       |     2 |     1 |       ||     3
       Dart              |       |       |       |    33 |       ||    33
       Javelin           |       |       |       |    10 |       ||    10
Invok: Heroism           |       |       |       |     2 |       ||     2
       Finesse           |       |       |       |     1 |       ||     1
Evoke: Wand              |       |       |     4 |    10 |       ||    14
  Use: Scroll            |       |       |    10 |    10 |     3 ||    23
       Potion            |       |       |       |     1 |     3 ||     4
 Stab: Sleeping          |     4 |     5 |     9 |    28 |    14 ||    60
       Invisible         |       |       |     1 |     3 |       ||     4
       Distracted        |       |       |       |     2 |       ||     2
Armor: Leather armour    |    27 |       |       |       |       ||    27
       Ring mail         |    14 |    48 |    52 |    60 |     9 ||   183
       Skin              |       |       |       |       |    11 ||    11
Dodge: Dodged            |    70 |    59 |   124 |   224 |    44 ||   521
